 Dungeon Crawl Stone Soup version 0.24-a0-368-g0e0cebd (webtiles) character file.

Game seed: 11551662648109040009

6247 CanOfBees the Carver (level 10, -3/65 HPs)
             Began as a Tengu Gladiator on May 28, 2019.
             Was a High Priest of Okawaru.
             Slain by a troll (16 damage)
             ... on level 8 of the Dungeon.
             The game lasted 00:17:18 (11832 turns).

CanOfBees the Carver (Tengu Gladiator)             Turns: 11832, Time: 00:17:18

Health: -3/65      AC:  7    Str: 17    XL:     10   Next: 93%
Magic:  15/15      EV: 18    Int:  8    God:    Okawaru [*****.]
Gold:   367        SH:  5    Dex: 17    Spells: 9/9 levels left

rFire    . . .     SeeInvis .   a - +3 long sword "Quapromm" {venom, +Inv}
rCold    + . .     Gourm    .   V - +1 buckler {reflect}
rNeg     . . .     Faith    +   L - +0 ring mail {rC+}
rPois    .         Spirit   .   c - +0 hat
rElec    .         Reflect  +   C - +0 cloak
rCorr    .         Harm     .   (no gloves)
MR       .....                  (boots unavailable)
Stlth    +.........             l - amulet of faith
HPRegen  0.20/turn              (no ring)
MPRegen  0.14/turn              (no ring)

@: flying quickly and evasively, starving, quick
A: beak, talons 3, able to fly
a: Stop Flying, Heroism, Finesse, Renounce Religion, Evoke Invisibility


You were on level 8 of the Dungeon.
You worshipped Okawaru.
Okawaru was extremely pleased with you.
You were starving.

You visited 1 branch of the dungeon, and saw 9 of its levels.

You collected 497 gold pieces.
You spent 130 gold pieces at shops.

Inventory:

Hand Weapons
 a - the +3 long sword "Quapromm" (weapon) {venom, +Inv}
   (You found it on level 8 of the Dungeon)

   It poisons the flesh of those it strikes.
   It lets you turn invisible.
 b - a +1 short sword of holy wrath
 i - a +0 dagger of venom
 s - a +4 trident
 t - a +1 dagger of flaming
 O - a +2 whip of freezing
Missiles
 d - 4 throwing nets (quivered)
 e - 125 bolts
 h - 45 poisoned darts
 j - 340 stones
 n - 194 arrows
 w - 118 sling bullets
 K - 3 boomerangs
 P - 3 silver javelins
 W - 6 curare-tipped darts
Armour
 c - a +0 hat (worn)
 C - a +0 cloak (worn)
 I - a +0 shield
 L - a +0 ring mail of cold resistance (worn)
 V - a +1 buckler of reflection (worn)
Magical Staves
 J - an uncursed staff of power
Jewellery
 l - an amulet of faith (around neck)
 y - an uncursed ring of flight
 M - a +3 ring of intelligence
 T - a cursed amulet of inaccuracy {unknown}
Wands
 D - a wand of disintegration (8)
 Q - a wand of enslavement (4)
Scrolls
 m - a scroll of remove curse
 o - 9 scrolls of teleportation
 p - a scroll of fear {unknown}
 q - a scroll of blinking
 u - 2 scrolls of enchant armour {unknown}
 x - a scroll of noise
 z - a scroll of vulnerability {unknown}
 F - 4 scrolls of enchant weapon {unknown}
 N - 2 scrolls of fog {unknown}
 U - a scroll of magic mapping
 X - a scroll of silence {unknown}
Potions
 g - 5 potions of agility
 k - a potion of flight
 r - 3 potions of cancellation
 v - 4 potions of heal wounds
 A - 2 potions of brilliance
 B - 3 potions of might
 E - a potion of haste {unknown}
 G - a potion of curing
 H - a potion of ambrosia {unknown}
 R - 2 potions of lignification {unknown}
 S - a potion of mutation {unknown}
Comestibles
 f - 18 rations
 Y - 2 chunks of flesh


   Skills:
 + Level 8.5 Fighting
 + Level 9.6 Long Blades
 - Level 4.0 Throwing
 - Level 4.0 Armour
 + Level 8.2 Dodging
 + Level 0.9 Shields
 * Level 6.2 Invocations


You had 9 spell levels left.
You didn't know any spells.
Your spell library contained the following spells:

 Spells                   Type           Power        Failure   Level  Hunger
 Corona                   Hex            #......      75%         1    ##.....
 Infusion                 Chrm           #...         75%         1    ##.....
 Magic Dart               Conj           #...         75%         1    ##.....
 Blink                    Tloc           N/A          86%         2    ###....
 Call Imp                 Summ           #.......     86%         2    ###....
 Ensorcelled Hibernation  Hex/Ice        #.....       86%         2    ###....
 Slow                     Hex            #.......     86%         2    ###....
 Confuse                  Hex            #.......     98%         3    ####...
 Conjure Flame            Conj/Fire      #.......     98%         3    ####...
 Dazzling Spray           Conj/Hex       #.....       98%         3    ####...
 Inner Flame              Hex/Fire       #.......     98%         3    ####...
 Mephitic Cloud           Conj/Pois/Air  #.......     98%         3    ####...
 Portal Projectile        Hex/Tloc       #.....       98%         3    ####...
 Tukima's Dance           Hex            #.......     98%         3    ####...
 Cause Fear               Hex            #.........   100%        4    #####..
 Leda's Liquefaction      Hex/Erth       #.........   100%        4    #####..


Dungeon Overview and Level Annotations

Branches:
Dungeon (9/15)             Temple (0/1) D:7
   Lair: D:8-11         Orc: D:9-12

Altars:
Ashenzari
Cheibriados
Fedhas
Hepliaklqana
Okawaru
Ru
Sif Muna
Trog
Yredelemnul
Zin

Shops:
D:4 =[   D:5 [


Innate Abilities, Weirdness & Mutations

You have a beak for a mouth.
You have claws for feet.
You can fly continuously.


Message History

The troll is heavily wounded.
You block the troll's attack. The troll completely misses you.
You block the troll's attack. The hungry ghost barely misses you.
You hit the troll. You claw the troll.
The troll is almost dead.
The troll barely misses you. x2; You block the troll's attack.
The hungry ghost hits you.
You feel somewhat more hungry.
You closely miss the troll.
The troll is almost dead.
The troll bites you!
* * * LOW HITPOINT WARNING * * *
The troll misses you. The troll closely misses you.
You closely miss the troll.
The troll is almost dead.
You block the hungry ghost's attack. The troll closely misses you.
The troll completely misses you. The troll closely misses you.
You barely miss the hungry ghost. Your kick misses the hungry ghost.
The hungry ghost is lightly damaged.
You block the hungry ghost's attack. The troll bites you!
You die...

.......# #..###.###..# ..[....#
#..# #.# #..# .......#
#..###'###..#
.......######....+_###..#
...............###'###..#
...............# #.# #..#########
...............###.###...........
.................................
................@W.........>.....
.................T...............
.................................
##########.......................
....'....#....#'#######'##.......
#...#....'....#..#...#...#.....<.
#...#....#....#..#...#...#.......
....#....#....#..##..##..#.......
#..###...#....'..##..##..#.......


You could see a troll and a hungry ghost.

Vanquished Creatures
  Harold (D:8)
  A two-headed ogre (D:8)
  Pikel (D:6)
  Joseph (D:7)
  A vampire (D:9)
  Menkaure (D:6)
  A water moccasin (D:7)
  An orc warrior (D:9)
  3 ice beasts (D:6)
  3 sky beasts
  A phantom (D:9)
  An ogre (D:7)
  A necrophage (D:6)
  4 centaurs
  2 big kobolds
  3 bullfrogs
  Blork the orc (D:6)
  A gnoll sergeant (D:7)
  3 scorpions
  A water moccasin skeleton (D:6)
  5 wights
  A howler monkey (D:9)
  7 crimson imps
  8 hounds
  4 jellies
  A centaur zombie (D:8)
  4 bullfrog skeletons
  2 orc priests
  8 orc wizards
  6 iguanas
  Terence (D:2)
  7 worker ants
  A hound skeleton (D:5)
  A howler monkey zombie (D:8)
  2 worker ant zombies
  9 adders
  4 gnolls (D:7)
  A shadow imp (D:6)
  7 oozes
  An adder zombie (D:7)
  3 adder skeletons
  5 worms
  3 dart slugs
  2 leopard geckos
  18 orcs
  6 bats
  6 giant cockroaches
  6 goblins
  7 hobgoblins
  2 jackals (D:2)
  13 kobolds
  6 quokkas
  A ball python (D:1)
  8 frilled lizards
  2 leopard gecko skeletons (D:8)
  10 rats
210 creatures vanquished.

Vanquished Creatures (others)
  A slave (D:6)
  A bullfrog (D:6)
  2 jackals (D:6)
  A leopard gecko zombie (D:5)
5 creatures vanquished.

Grand Total: 215 creatures vanquished

Notes
Turn   | Place    | Note
-------+----------+-------------------------------------------
     0 | D:1      | CanOfBees the Tengu Gladiator began the quest for the Orb.
     0 | D:1      | Reached XP level 1. HP: 12/12 MP: 2/2
   204 | D:1      | Reached XP level 2. HP: 17/17 MP: 3/3
  1032 | D:2      | Noticed Terence
  1135 | D:2      | Killed Terence
  1135 | D:2      | Reached XP level 3. HP: 17/22 MP: 4/4
  1500 | D:2      | Found a hazy altar of Hepliaklqana.
  1724 | D:2      | Reached XP level 4. HP: 26/27 MP: 5/5
  2275 | D:2      | Reached skill level 4 in Long Blades
  2916 | D:2      | Found a snail-covered altar of Cheibriados.
  3144 | D:3      | Reached skill level 1 in Armour
  3144 | D:3      | Gained mutation: You can fly continuously. [Tengu growth]
  3144 | D:3      | Reached XP level 5. HP: 28/32 MP: 6/6
  3417 | D:3      | Found a glowing silver altar of Zin.
  3516 | D:3      | Found a bloodstained altar of Trog.
  3674 | D:4      | Found Raurhy's Antique Armour Boutique.
  3675 | D:4      | Found Ihiut's Jewellery Emporium.
  3816 | D:4      | Bought a shield for 130 gold pieces
  3987 | D:4      | Reached XP level 6. HP: 37/37 MP: 7/7
  4609 | D:4      | Found an iron altar of Okawaru.
  4661 | D:4      | Became a worshipper of Warmaster Okawaru
  4842 | D:5      | Entered Level 5 of the Dungeon
  5027 | D:5      | Reached skill level 5 in Long Blades
  5027 | D:5      | Reached XP level 7. HP: 42/42 MP: 8/8
  5121 | D:5      | Reached * piety under Okawaru
  5174 | D:5      | Found a shattered altar of Ashenzari.
  5607 | D:5      | Reached ** piety under Okawaru
  5777 | D:5      | Reached skill level 6 in Long Blades
  5826 | D:5      | Reached skill level 5 in Fighting
  5826 | D:5      | Reached XP level 8. HP: 43/49 MP: 9/9
  6106 | D:5      | Reached skill level 1 in Invocations
  6172 | D:5      | Found a sacrificial altar of Ru.
  6365 | D:5      | Found Keil's Armour Boutique.
  6659 | D:6      | Noticed Menkaure
  6669 | D:6      | Killed Menkaure
  6857 | D:6      | Reached *** piety under Okawaru
  6994 | D:6      | Noticed Pikel
  7013 | D:6      | Killed Pikel
  7013 | D:6      | Reached skill level 7 in Long Blades
  7013 | D:6      | Reached skill level 5 in Dodging
  7013 | D:6      | Reached XP level 9. HP: 39/56 MP: 10/12
  7030 | D:6      | Reached **** piety under Okawaru
  7489 | D:6      | Noticed Blork the orc
  7497 | D:6      | Killed Blork the orc
  8186 | D:7      | Noticed Joseph
  8208 | D:6      | Reached skill level 8 in Long Blades
  8510 | D:7      | Found a staircase to the Ecumenical Temple.
  8559 | D:7      | Killed Joseph
  8559 | D:7      | Received a gift from Okawaru
  8866 | D:7      | Reached XP level 10. HP: 45/63 MP: 14/14
  8943 | D:7      | Reached ***** piety under Okawaru
  9288 | D:7      | Reached skill level 5 in Invocations
 10160 | D:8      | Got a scorched long sword
 10224 | D:8      | Found a deep blue altar of Sif Muna.
 10240 | D:8      | Identified Sif Muna's Compendium of Boosts
 10304 | D:8      | Identified the cursed +3 long sword "Quapromm" {venom,
                  | +Inv} (You found it on level 8 of the Dungeon)
 10420 | D:8      | Noticed a two-headed ogre
 10452 | D:8      | Killed a two-headed ogre
 10452 | D:8      | Reached skill level 9 in Long Blades
 10600 | D:8      | Found a blossoming altar of Fedhas.
 11159 | D:8      | Noticed Harold
 11178 | D:8      | Killed Harold
 11178 | D:8      | Received a gift from Okawaru
 11658 | D:9      | Found a basalt altar of Yredelemnul.
 11804 | D:9      | Found a deep blue altar of Sif Muna.
 11832 | D:8      | Slain by a troll

Levels and vault maps discovered:
D:1:      psy_arrival_statuary, layout_basic, serial_curves, eino_curves_02,
          eino_curves_04, eino_curves_04, eino_curves_01, minmay_close_crescents
D:2:      kennysheep_big_flooded_room, layout_basic, old_standard_altar,
          nicolae_overflow_hidden_temple, corexii_leaking_fountain,
          minivault_23, uniq_terence
D:3:      layout_rooms, nicolae_overflow_crystal_walls, zin_statuary
D:4:      layout_loops_ring, old_standard_altar, serial_shops, shop,
          minmay_shop_enchanted_jewellery, kennysheep_generic_room_13
D:5:      layout_basic, lemuel_coloured_pillars_altar, evilmike_ruin_ashenzari,
          serial_shops, shop, first_ration, minivault_19, lemuel_old_faithful
D:6:      layout_loops_ring, uniq_menkaure, uniq_pikel, uniq_blork_the_orc
D:7:      cheibrodos_fzero, layout_loops_ring, temple_doors_e, uniq_joseph
D:8:      layout_gridville, lemuel_doored_altar, led_sif_book,
          hangedman_little_slice_of_home, uniq_harold
D:9:      layout_cave_pools, grunt_temple_overflow_opulence,
          lemuel_crystal_altar, kennysheep_little_box, basic_altar,
          hangedman_decor_peaks_small, uniq_maurice

Skill      XL: |  1  2  3  4  5  6  7  8  9 10 |
---------------+-------------------------------+-----
Dodging        | 4 5 6 8 |  8.2
Long Blades    | 4 5 6 7 8 9 |  9.6
Fighting       | 3 5 6 7 8 |  8.5
Throwing       | 3 4 |  4.0
Armour         | 1 2 4 |  4.0
Invocations    | 3 4 6 |  6.2
Shields        | |  0.9

Action                   |  1- 3 |  4- 6 |  7- 9 | 10-12 || total
-------------------------+-------+-------+-------+-------++-------
Melee: Long sword        |    61 |   119 |   222 |   197 ||   599
       Kick              |    14 |    42 |   129 |    96 ||   281
       Peck              |     8 |    29 |    74 |    62 ||   173
       Short sword       |       |     5 |    43 |       ||    48
       Dagger            |       |       |    26 |       ||    26
Throw: Throwing net      |     2 |     4 |       |     1 ||     7
       Dart              |       |    12 |    10 |     6 ||    28
       Boomerang         |       |       |     6 |       ||     6
Invok: Heroism           |       |       |     2 |     1 ||     3
 Abil: Fly               |       |     1 |       |       ||     1
  Use: Potion            |       |     1 |       |       ||     1
       Scroll            |       |     8 |     5 |     2 ||    15
 Stab: Sleeping          |     3 |       |       |       ||     3
  Eat: Chunk             |     3 |     6 |    11 |    10 ||    30
       Ration            |       |     1 |       |       ||     1
Armor: Leather armour    |     8 |       |       |       ||     8
       Scale mail        |     6 |    35 |       |       ||    41
       Ring mail         |       |     4 |    74 |    38 ||   116
Dodge: Dodged            |    35 |    74 |   144 |   109 ||   362
Block: Shield            |       |    21 |    89 |    55 ||   165
       Buckler           |       |       |       |    11 ||    11
       Rpst.: Long sword |    11 |    28 |    33 |    37 ||   109

Table legend:
 A = Non-vault XP
 B = Vault XP
 C = Vault XP percentage of total XP
 D = Non-vault monster count
 E = Vault monster count
 F = Vault count percentage of total count
                 A         B        C        D         E       F
            +---------+---------+-------+---------+---------+-------
      Total |    5390 |    3535 |  39.6 |     173 |      37 |  17.6
            +---------+---------+-------+---------+---------+-------
        D:1 |      21 |       9 |  30.0 |      14 |       5 |  26.3
        D:2 |      64 |      42 |  39.6 |      22 |       3 |  12.0
        D:3 |      93 |       0 |   0.0 |      20 |       0 |   0.0
        D:4 |     240 |       0 |   0.0 |      15 |       0 |   0.0
        D:5 |    1069 |       0 |   0.0 |      36 |       0 |   0.0
        D:6 |    1192 |     972 |  44.9 |      22 |       4 |  15.4
        D:7 |     735 |    1243 |  62.8 |      22 |      14 |  38.9
        D:8 |    1383 |    1269 |  47.9 |      14 |      11 |  44.0
        D:9 |     593 |       0 |   0.0 |       8 |       0 |   0.0
            +---------+---------+-------+---------+---------+-------
